 Dungeon Crawl Stone Soup version 0.31-a0-986-g5e6e4ef867 (webtiles) character file.

Game seed: 6033011916593269717

14549 Dordric the Brawler (level 11, -5/80 HPs)
             Began as a Troll Shapeshifter on Nov 6, 2023.
             Slain by Snorg (11 damage)
             ... on level 11 of the Dungeon.
             The game lasted 00:15:34 (9184 turns).

Dordric the Brawler (Troll Shapeshifter)            Turns: 9184, Time: 00:15:34

Health: -5/80      AC:  8    Str: 26      XL:     11   Next: 90%
Magic:  10/10      EV:  9    Int: 14      God:
Gold:   675        SH:  0    Dex:  5 (7)  Spells: 10/10 levels left

rFire   x .          .
                       - Unarmed
rCold   . . .        (no shield)
rNeg    . . .        y - melded +2 steam dragon scales
rPois   .            r - +2 hat
rElec   .            (no cloak)
rCorr   +            (gloves unavailable)
SInv    .            (boots unavailable)
Will    .....        u - amulet of regeneration
Stlth   +            I - +4 ring of protection
HPRegen 1.93/turn    x - ring of resist corrosion
MPRegen 0.12/turn

%: no passive effects
@: maw-form, invisible
A: devouring maw, large, unfitting armour, claws 3, regeneration 1, shaggy fur
1, tough skin 1, clever 2, deterioration 1, frail 1, evolution 1, heat
vulnerability 1
a: Begin Untransformation


You were on level 11 of the Dungeon.
You were a creature with a mouth for a stomach.
You visited 1 branch of the dungeon, and saw 11 of its levels.

You collected 675 gold pieces.

Inventory:

Hand Weapons
 q - the +11 sling "Fearof" {drain, rElec}
   (You found it on level 3 of the Dungeon)

   rElec:     It insulates you from electricity.
Armour
 a - a +0 animal skin
 h - a +0 cloak
 r - a +2 hat (worn)
 y - +2 steam dragon scales (melded)
Jewellery
 g - a ring of ice
 u - an amulet of regeneration (around neck)
 x - a ring of resist corrosion (right claw)
 E - an amulet of guardian spirit
 I - a +4 ring of protection (left claw)
 J - a ring of ice
Talismans
 c - a beast talisman
 d - a flux talisman
 H - a maw talisman (active)
Wands
 n - a wand of paralysis (17)
 p - a wand of quicksilver (24)
 t - a wand of flame (4)
 D - a wand of polymorph (8)
 F - a wand of roots (11)
Scrolls
 e - 3 scrolls of fog
 j - 4 scrolls of revelation
 k - 3 scrolls of noise
 m - 2 scrolls of enchant weapon
 B - 2 scrolls of amnesia
 C - 2 scrolls of silence
 G - a scroll of identify
Potions
 b - 3 potions of lignification
 f - a potion of brilliance
 i - 2 potions of haste {unknown}
 l - 2 potions of enlightenment
 o - 4 potions of attraction
 s - a potion of experience {unknown}
 v - a potion of berserk rage {unknown}
 w - a potion of invisibility
 z - a potion of curing
 A - a potion of might


   Skills:
 - Level 0.7 Fighting
 - Level 1.5 Dodging
 + Level 16.5 Unarmed Combat
 - Level 10.0 Shapeshifting


You had 10 spell levels left.
You didn't know any spells.
Your spell library contained the following spells:

 Spells                   Type           Power      Damage    Failure   Level
 Magic Dart               Conj           0%         1d3       28%         1
 Call Imp                 Summ           0%         N/A       41%         2
 Mephitic Cloud           Conj/Pois/Air  0%         N/A       65%         3
 Ozocubu's Armour         Ice            0%         N/A       65%         3
 Stone Arrow              Conj/Erth      0%         3d7       65%         3
 Animate Armour           Summ/Erth      0%         N/A       96%         4
 Animate Dead             Necr           0%         N/A       96%         4
 Vhi's Electric Charge    Tloc/Air       0%         N/A       96%         4
 Arcjolt                  Conj/Air       0%         1d10      100%        5
 Borgnjor's Vile Clutch   Necr/Erth      0%         N/A       100%        5
 Iskenderun's Battlesphe  Conj           0%         2d6       100%        5
 Bombard                  Conj/Erth      0%         9d1       100%        6
 Death Channel            Necr           0%         N/A       100%        6
 Plasma Beam              Fire/Air       0%         2x1d10    100%        6
 Simulacrum               Ice/Necr       0%         N/A       100%        6
 Ozocubu's Refrigeration  Ice            0%         4d7       100%        7
 Spellforged Servitor     Conj/Summ      0%         N/A       100%        7
 Lehudib's Crystal Spear  Conj/Erth      0%         10d2      100%        8
 Polar Vortex             Ice            0%         N/A       100%        9


Dungeon Overview and Level Annotations

Branches:
Dungeon (11/15)              Lair (0/5) D:9             Orc (0/2) D:10
 Temple: D:4-7

Altars:
Ashenzari
Cheibriados
Dithmenos
Elyvilon
Fedhas
Gozag
Hepliaklqana
Qazlal
Uskayaw
Vehumet
Wu Jian
Xom
The Shining One

Shops:
D:4 :   D:11 [

Annotations:
D:11 Snorg


Innate Abilities, Weirdness & Mutations

You are a creature with a mouth for a stomach.
Your midsection houses a second, enormous mouth.
You are too large for most types of armour.
You have claws for hands.
Your natural rate of healing is unusually fast.
You are covered in fur. (AC +1)
You have tough skin. (AC +1)
Your mind is very acute. (Int +8, Str/Dex -2)
Your body sometimes deteriorates upon taking damage.
You are frail. (-10% HP)
You have hidden genetic potential.
You are vulnerable to heat. (rF-)


Message History

You are too injured to fight recklessly!
You are too injured to fight recklessly!
You are too injured to fight recklessly!
You are too injured to fight recklessly!
You are too injured to fight recklessly!
You are too injured to fight recklessly!
You are too injured to fight recklessly!
You are too injured to fight recklessly!
You are too injured to fight recklessly!
You are too injured to fight recklessly!
You are too injured to fight recklessly!
You are too injured to fight recklessly!
You are too injured to fight recklessly!
Unknown command.
You closely miss Snorg. You bite Snorg, but do no damage. You claw Snorg!
Snorg is lightly wounded.
Snorg bites you but does no damage. Snorg claws you. Snorg closely misses you.
You scratch Snorg. Your bite misses Snorg.
Snorg is lightly wounded.
Snorg bites you but does no damage. Snorg claws you!
Your body deteriorates!
You feel clumsy. Snorg barely misses you. Snorg bites you. Snorg claws you. x2
You claw Snorg! Your bite misses Snorg.
Snorg is lightly wounded.
Snorg barely misses you. Snorg closely misses you. Snorg claws you!
* * * LOW HITPOINT WARNING * * *
Okay, then.
You fade into invisibility!
Snorg closely misses you. Snorg barely misses you. Snorg closely misses you.
You catch the helpless Snorg completely off-guard!
You mangle Snorg!! You claw Snorg!!
Snorg is heavily wounded.
Snorg barely misses you. Snorg claws you!
* * * LOW HITPOINT WARNING * * *
Snorg barely misses you.
You barely miss Snorg. Your claw misses Snorg. You bite Snorg!
Snorg is heavily wounded.
Snorg bites you!
You die...

# #.###### #......#
### #......# #..
#..TW.#############.#
#..............##....
#.....<.....####.8...
#...........#..#.....
#...........#......_.
#...........#..#.....
#...........####.8...
#..............##....
#.......######..###.#


You could see Snorg (berserk, unable to see you).

Vanquished Creatures
  Josephine (D:10)
  Fannar (D:11)
  2 two-headed ogres (D:10)
  An ugly thing (D:11)
  A cyclops (D:11)
  Maurice (D:8)
  A gargoyle (D:11)
  Maggie (D:6)
  Psyche (D:9)
  4 kobold demonologists
  3 red devils (D:8)
  5 wraiths
  A vampire (D:11)
  8 yaks
  5 steam dragons
  2 water moccasins
  10 orc warriors
  3 ice beasts
  3 black bears
  2 sky beasts (D:7)
  4 centaurs
  6 ogres
  2 phantoms
  5 kobold brigands
  5 bullfrogs
  4 wights (D:8)
  4 killer bees (D:9)
  2 howler monkeys
  2 lava snakes (D:9)
  3 hounds
  13 orc priests
  Crazy Yiuf (D:6)
  4 gnoll boudas
  3 sleepcaps
  5 iguanas
  Jessica (D:3)
  20 orc wizards
  16 gnolls
  14 adders
  2 shadow imps
  2 white imps
  A worm (D:3)
  A dart slug (D:1)
  30 orcs
  8 ball pythons
  6 bats
  4 endoplasms
  9 giant cockroaches
  9 goblins
  13 hobgoblins
  2 quokkas
  2 frilled lizards
  13 kobolds
  3 rats
275 creatures vanquished.

Notes
Turn   | Place    | Note
-------+----------+-------------------------------------------
     0 | D:1      | Dordric the Troll Shapeshifter began the quest for the Orb.
     0 | D:1      | Reached XP level 1. HP: 18/18 MP: 0/0
   257 | D:1      | Reached XP level 2. HP: 20/26 MP: 1/1
   503 | D:1      | Reached skill level 4 in Unarmed Combat
   834 | D:2      | Reached XP level 3. HP: 32/32 MP: 2/2
  1050 | D:2      | Reached skill level 5 in Unarmed Combat
  1050 | D:2      | Reached XP level 4. HP: 40/40 MP: 3/3
  1485 | D:3      | Identified the +11 sling "Fearof" {drain, rElec}
  1700 | D:3      | Found a hide-covered altar of Uskayaw.
  1777 | D:3      | Noticed Jessica
  1779 | D:3      | Killed Jessica
  1780 | D:3      | Reached XP level 5. HP: 46/46 MP: 4/4
  1956 | D:3      | Found an ornate altar of the Wu Jian Council.
  2125 | D:3      | Found a white marble altar of Elyvilon.
  2155 | D:4      | Noticed a water moccasin
  2160 | D:3      | Killed a water moccasin
  2161 | D:3      | Reached skill level 6 in Unarmed Combat
  2191 | D:3      | Reached XP level 6. HP: 39/54 MP: 5/5
  2211 | D:4      | Reached skill level 7 in Unarmed Combat
  2670 | D:4      | Found Ytiruot's Book Emporium.
  2701 | D:5      | Entered Level 5 of the Dungeon
  2857 | D:5      | Reached skill level 8 in Unarmed Combat
  2857 | D:5      | Reached XP level 7. HP: 57/61 MP: 6/6
  2960 | D:5      | Found a blossoming altar of Fedhas.
  3008 | D:5      | Found a hazy altar of Hepliaklqana.
  3322 | D:6      | Reached skill level 9 in Unarmed Combat
  3737 | D:5      | HP: 1/61 [gnoll/+0 flail[a gnoll bouda] (10)]
  3803 | D:6      | Found a runed translucent door.
  3804 | D:6      | Noticed Crazy Yiuf
  3829 | D:6      | Noticed Maggie
  3838 | D:6      | Killed Maggie
  3839 | D:6      | Reached skill level 10 in Unarmed Combat
  3839 | D:6      | Reached XP level 8. HP: 61/68 MP: 7/7
  4022 | D:6      | Reached skill level 11 in Unarmed Combat
  4341 | D:6      | Killed Crazy Yiuf
  4506 | D:7      | Found a stormy altar of Qazlal.
  4618 | D:7      | Reached skill level 12 in Unarmed Combat
  4618 | D:7      | Reached XP level 9. HP: 74/75 MP: 8/8
  4940 | D:7      | Found a snail-covered altar of Cheibriados.
  4940 | D:7      | Found a radiant altar of Vehumet.
  4979 | D:7      | Reached skill level 13 in Unarmed Combat
  5241 | D:8      | Noticed Maurice
  5244 | D:8      | Maurice stole a flux talisman
  5247 | D:8      | Killed Maurice
  5297 | D:8      | Noticed a red devil
  5299 | D:8      | Noticed a red devil
  5301 | D:8      | Noticed a red devil
  5303 | D:8      | Killed a red devil
  5304 | D:8      | Reached skill level 14 in Unarmed Combat
  5447 | D:8      | Reached XP level 10. HP: 83/83 MP: 9/9
  5756 | D:8      | Reached skill level 15 in Unarmed Combat
  6030 | D:9      | Found a shimmering altar of Xom.
  6328 | D:9      | Noticed a smoke demon
  6359 | D:9      | Noticed Psyche
  6374 | D:9      | Killed Psyche
  6375 | D:9      | Reached skill level 16 in Unarmed Combat
  6493 | D:9      | Found a staircase to the Lair.
  6728 | D:10     | Entered Level 10 of the Dungeon
  6745 | D:10     | Noticed a two-headed ogre
  6763 | D:10     | Killed a two-headed ogre
  6779 | D:10     | Found a broken altar of Ashenzari.
  6986 | D:10     | Reached skill level 5 in Shapeshifting
  7102 | D:10     | Gained mutation: Your body sometimes deteriorates upon
                  | taking damage. [potion of mutation]
  7102 | D:10     | Gained mutation: You are frail. (-10% HP) [potion of
                  | mutation]
  7102 | D:10     | Gained mutation: Your flesh is cold resistant. (rC+)
                  | [potion of mutation]
  7102 | D:10     | Gained mutation: You have sharp toenails. [potion of
                  | mutation]
  7173 | D:10     | Found a shadowy altar of Dithmenos.
  7196 | D:10     | Reached XP level 11. HP: 79/80 MP: 10/10
  7242 | D:10     | Found a glowing golden altar of the Shining One.
  7286 | D:10     | Noticed Josephine
  7304 | D:10     | HP: 3/78 [wraith[Josephine] (3)]
  7304 | D:10     | HP: 1/78 [wraith[Josephine] (2)]
  7307 | D:10     | Killed Josephine
  7317 | D:10     | Noticed a two-headed ogre
  7452 | D:10     | Killed a two-headed ogre
  7454 | D:10     | Lost mutation: You have sharp toenails. [potion of
                  | mutation]
  7454 | D:10     | Lost mutation: Your flesh is cold resistant. (rC+) [potion
                  | of mutation]
  7454 | D:10     | Gained mutation: You are vulnerable to heat. (rF-) [potion
                  | of mutation]
  7454 | D:10     | Gained mutation: Your mind is acute. (Int +4, Str/Dex -1)
                  | [potion of mutation]
  7454 | D:10     | Gained mutation: You have hidden genetic potential. [potion
                  | of mutation]
  7454 | D:10     | Gained mutation: Your mind is very acute. (Int +8, Str/Dex
                  | -2) [potion of mutation]
  7807 | D:10     | Found a staircase to the Orcish Mines.
  8748 | D:11     | Found Ristalaj's Armour Emporium.
  8763 | D:11     | Found an opulent altar of Gozag.
  8856 | D:11     | Noticed a cyan ugly thing
  8867 | D:11     | Killed a cyan ugly thing
  8961 | D:11     | Noticed Fannar
  8973 | D:11     | Killed Fannar
  8974 | D:11     | Reached skill level 10 in Shapeshifting
  9174 | D:11     | Noticed Snorg
  9184 | D:11     | Slain by Snorg

Illustrated notes

Levels and vault maps discovered:
D:1:      spicycebolla_arrival_clurvy, layout_basic, serial_forest,
          infiniplex_forest_clump_double, infiniplex_forest_zigzag_1,
          infiniplex_forest_clump_C, infiniplex_forest_clump_double,
          infiniplex_forest_clump_C, infiniplex_forest_lined_2,
          infiniplex_forest_clump_cross
D:2:      layout_basic, minmay_bisected
D:3:      layout_basic, nicolae_elyvilon_temple_path,
          nicolae_wu_jian_immortal_techniques, mainiacjoe_overflow_alcove_2,
          uniq_jessica
D:4:      layout_rooms, serial_shops, nicolae_shop_back_alley_shop,
          serial_forest, infiniplex_forest_straight_3,
          infiniplex_forest_lined_2, infiniplex_forest_clump_diagonal,
          infiniplex_forest_clump_tiny, infiniplex_forest_lined_room_3,
          infiniplex_forest_clump_small, infiniplex_forest_side_room,
          infiniplex_forest_straight_3
D:5:      layout_gridville, fedhas_altar_2, old_standard_altar,
          minmay_fractal_squares_5
D:6:      kb_forest_paths, layout_cave_pools, uniq_maggie,
          uniq_crazy_yiuf_cottage
D:7:      layout_basic, nicolae_qazlal_beasts_of_the_sky,
          gammafunk_temple_overflow_elements
D:8:      layout_basic, einodemon_armed_red_devil_minivault, uniq_maurice
D:9:      layout_roguey, lemuel_round_altar, lair_entry_dummy,
          kennysheep_big_empty_room, uniq_psyche
D:10:     kennysheep_seaside_town, layout_irregular_city, lemuel_tele_altar,
          nicolae_tso_swordbearing_angel,
          nicolae_dithmenos_through_a_glass_darkly, david_orc_4,
          lemuel_flame_loot_1, uniq_josephine
D:11:     layout_irregular_city, serial_shops, nicolae_shop_just_a_little_nook,
          grunt_gozag_statues, uniq_snorg, uniq_fannar

Skill      XL: |  1  2  3  4  5  6  7  8  9 10 11 |
---------------+----------------------------------+-----
Unarmed Combat | 4 5 6 8 10 12 14 16 | 16.5
Shapeshifting  | 5 10 | 10.0
Fighting       | |  0.7
Dodging        | |  1.5

Action                     |  1- 3 |  4- 6 |  7- 9 | 10-12 || total
---------------------------+-------+-------+-------+-------++-------
  Melee: Unarmed           |    58 |    28 |   146 |   332 ||   564
         Punch             |     2 |       |     4 |    12 ||    18
         Kick              |       |       |       |    15 ||    15
         Maw               |       |       |       |     6 ||     6
   Fire: Sling             |       |    89 |    68 |     5 ||   162
    Use: Scroll            |       |     7 |     7 |     6 ||    20
         Potion            |       |       |     1 |     8 ||     9
   Stab: Invisible         |       |       |       |     1 ||     1
 Armour: Animal skin       |    34 |    68 |    41 |       ||   143
         Steam dragon scal |       |       |    91 |   289 ||   380
         Skin              |       |       |       |    18 ||    18
  Dodge: Dodged            |    31 |    37 |    56 |   120 ||   244
   Form: Maw               |       |       |       |     1 ||     1

Table legend: (Time is in decaauts)
 A = Elapsed time spent in this place.
 B = Non-inter-level travel time spent in this place.
 C = Inter-level travel time spent in this place.
 D = Time resting spent in this place.
 E = Time spent auto-exploring this place.
 F = Levels seen in this place.
 G = Mean time per level.
                   A        B        C        D        E       F      G
               +--------+--------+--------+--------+--------+-----+--------+
         Total |   9175 |   8872 |    303 |    697 |   6507 |  11 |  834.1 |
       Dungeon |   9175 |   8872 |    303 |    697 |   6507 |  11 |  834.1 |
               +--------+--------+--------+--------+--------+-----+--------+

Top non-repeatable levels by time:
    D:10: 1705 daAuts
     D:5: 1062 daAuts
     D:9: 835 daAuts
     D:3: 830 daAuts
     D:1: 827 daAuts
     D:8: 814 daAuts
     D:7: 734 daAuts
     D:6: 652 daAuts
    D:11: 642 daAuts
     D:2: 557 daAuts
     D:4: 512 daAuts
